 Dungeon Crawl Stone Soup version 0.27-a0-1332-g84bddb5ca7 (webtiles) character file.

Game seed: 353927216254354319

70 freelancePsychic the Magician (level 4, 0/33 HPs)
             Began as a Djinni Wanderer on June 25, 2021.
             Slain by a gnoll (7 damage)
             ... on level 2 of the Dungeon.
             The game lasted 00:03:53 (2640 turns).

freelancePsychic the Magician (Djinni Wanderer)     Turns: 2640, Time: 00:03:53

Health: 0/33       AC:  3    Str: 11    XL:     4   Next: 45%
Gold:   3          EV: 11    Int: 16    God:
                   SH:  0    Dex: 11

rFire    + + +     SeeInvis .   d - staff of fire
rCold    x . .     Faith    .   (no shield)
rNeg     . . .     Spirit   .   b - +0 robe
rPois    ∞         Reflect  .   (no helmet)
rElec    .         Harm     .   h - +0 cloak
rCorr    .         Rampage  .   (no gloves)
Will     .....                  (boots unavailable)
Stlth    ++........             (no amulet)
HPRegen  0.11/turn              (no ring)
MPRegen  0.00/turn              (no ring)

@: freezing walls, flying
A: sickness immunity, fire resistance 2, cold vulnerability 1, float, innate
caster, hp casting, extra vitality 1
a: no special abilities


You were on level 2 of the Dungeon.
You visited 1 branch of the dungeon, and saw 2 of its levels.

You collected 3 gold pieces.

Inventory:

Hand Weapons
 a - a +2 short sword
 c - a +0 dagger
Armour
 b - a +0 robe (worn)
 h - a +0 cloak (worn)
Magical Staves
 d - a staff of fire (weapon)
Jewellery
 j - a +6 ring of strength
Scrolls
 f - a scroll of fear {unknown}
Potions
 e - a potion of might {unknown}
 g - a potion of attraction {unknown}
 i - 2 potions of curing {unknown}
 k - a potion of degeneration {unknown}
 l - a potion of mutation {unknown}


   Skills:
 - Level 2.0 Fighting
 - Level 2.6 Short Blades
 - Level 1.5 Stealth
 - Level 2.0 Unarmed Combat
 + Level 2.7 Spellcasting
 - Level 1.0 Evocations


You couldn't memorise any spells.
You knew the following spells:

 Your Spells              Type           Power      Damage    Failure   Level
a - Freeze                Ice            44%        1d6       6%          1
b - Frozen Ramparts       Ice            22%        1d4       19%         3
c - Foxfire               Conj/Fire      64%        2x1d7     6%          1
d - Lesser Beckoning      Tloc           5%         N/A       19%         3
e - Apportation           Tloc           22%        N/A       6%          1

Your spell library contained the following spells:

 Spells                   Type           Power      Damage    Failure   Level


Dungeon Overview and Level Annotations

Branches:
Dungeon (2/15)

Altars:


Innate Abilities, Weirdness & Mutations

You are immune to sickness and miasma.
You are immune to poison.
Your flesh is very heat resistant. (rF++)
You are vulnerable to cold. (rC-)
You float through the air rather than walking.
You learn spells naturally, not from books.
Your magical power is your life essence.
You have superior vitality. (+4 HP)


Message History

You kill the rat!
Your foxfire dissipates! x2
Your foxfire dissipates! x2
Found a mace.
You see here a rat corpse.
l - a brown potion 2 gnolls come into view.
A gnoll comes into view. It is wielding a +0 whip.
The gnoll shouts!
You hear a shout!
A gnoll comes into view. It is wielding a +0 spear.
The gnoll hits you from afar with a +0 spear!
The gnoll shouts!
You feel a surge of power!
You conjure some foxfire!
The gnoll hits you from afar with a +0 spear.
The gnoll hits you with a +0 whip.
The foxfire hits the gnoll.
The gnoll is lightly wounded.
The foxfire hits the gnoll.
The gnoll is moderately wounded.
Found a stone staircase leading down.
Casting: Foxfire (safe; 6% risk of failure)
Confirm with . or Enter, or press ? or * to list all spells.
Okay, then.
Casting: Foxfire (safe; 6% risk of failure)
Confirm with . or Enter, or press ? or * to list all spells.
The spell is quite dangerous to cast (19% risk of failure)!
Continue anyway?
Casting: Frozen Ramparts (quite dangerous; 19% risk of failure)
Press: ? - help, Dir - look around, f - activate The walls around you are covered in ice.
The wall freezes the gnoll.
The gnoll barely misses you.
The wall freezes the gnoll.
The gnoll closely misses you.
The wall freezes the gnoll.
The gnoll hits you from afar with a +0 spear.
The wall freezes the gnoll.
The gnoll barely misses you.
The wall freezes the gnoll.
The gnoll hits you from afar with a +0 spear.
* * * LOW HITPOINT WARNING * * *
The wall freezes the gnoll.
The gnoll hits you from afar with a +0 spear!
You die...

#..##.# #.#####...#
...#.###.# ..## #
#.#.....# ..# #)#
#.......# ...#
#...###......g# .##
#
#......##.#.##...#.
####†...#.ggg.....>
# ##.....##.##...##
########.......#@#
.##
...††).........[.#
#
####†............#
#..###.....####
#..####...##
#........##
##.#####... #####.#
##### .....)#


You could see 4 gnolls.

Vanquished Creatures
  2 adders (D:2)
  A worm (D:2)
  2 dart slugs (D:1)
  2 bats (D:1)
  4 endoplasms
  2 giant cockroaches
  4 goblins
  5 hobgoblins
  2 jackals (D:2)
  3 kobolds (D:1)
  2 quokkas (D:1)
  6 ball pythons
  4 frilled lizards
  4 rats
43 creatures vanquished.

Vanquished Creatures (others)
  66 foxfires
66 creatures vanquished.

Grand Total: 109 creatures vanquished

Notes
Turn   | Place    | Note
-------+----------+-------------------------------------------
     0 | D:1      | freelancePsychic the Djinni Wanderer began the quest for
                  | the Orb.
     0 | D:1      | Reached XP level 1. HP: 18/18 MP: 0/0
   330 | D:1      | Reached skill level 1 in Spellcasting
   330 | D:1      | Reached XP level 2. HP: 2/23 MP: 0/0
  1510 | D:1      | Reached XP level 3. HP: 25/28 MP: 0/0
  1510 | D:1      | Learned a level 1 spell: Foxfire
  1902 | D:1      | Found a faded altar of an unknown god.
  2323 | D:2      | Reached XP level 4. HP: 31/33 MP: 0/0
  2640 | D:2      | Slain by a gnoll

Illustrated notes

Levels and vault maps discovered:
D:1:      dpeg_arrival_rhombi, layout_basic,
          hellmonk_ecumenical_altar_arch_garden, minmay_misc_feat_five,
          minmay_tetromino_t2
D:2:      layout_loops_ring

Skill      XL: |  1  2  3 |
---------------+----------+-----
Spellcasting   | 1 2 |  2.7
Fighting       | |  2.0
Short Blades   | |  2.6
Stealth        | |  1.5
Unarmed Combat | |  2.0
Evocations     | |  1.0

Action                   |  1- 3 |  4- 6 || total
-------------------------+-------+-------++-------
Melee: Short sword       |    12 |       ||    12
       Staff             |     4 |    22 ||    26
 Cast: Freeze            |    34 |     2 ||    36
       Foxfire           |    28 |    10 ||    38
       Frozen Ramparts   |       |     1 ||     1
 Stab: Sleeping          |     1 |       ||     1
Armor: Robe              |    16 |     7 ||    23
Dodge: Dodged            |    35 |    24 ||    59

Table legend: (Time is in decaauts)
 A = Elapsed time spent in this place.
 B = Non-inter-level travel time spent in this place.
 C = Inter-level travel time spent in this place.
 D = Time resting spent in this place.
 E = Time spent auto-exploring this place.
 F = Levels seen in this place.
 G = Mean time per level.
                   A        B        C        D        E       F      G
               +--------+--------+--------+--------+--------+-----+--------+
         Total |   2644 |   2636 |      8 |    440 |   1885 |   2 | 1322.0 |
       Dungeon |   2644 |   2636 |      8 |    440 |   1885 |   2 | 1322.0 |
               +--------+--------+--------+--------+--------+-----+--------+

Top non-repeatable levels by time:
     D:1: 2065 daAuts
     D:2: 579 daAuts
